 Dungeon Crawl Stone Soup version 0.27-a0-79-gcaaa221d37 (webtiles) character file.

Game seed: 11135071574132944350

7231 lunkers the Geomancer (level 10, 0/77 HPs)
             Began as a Vampire Earth Elementalist on Jan 14, 2021.
             Was a Believer of Ashenzari.
             Slain by a centaur (6 damage)
             ... on level 9 of the Dungeon.
             The game lasted 00:16:59 (9050 turns).

lunkers the Geomancer (Vampire Earth Elementalist)  Turns: 9050, Time: 00:17:00

Health: 0/77       AC:  7    Str:  7    XL:     10   Next: 88%
Magic:  2/19       EV: 12    Int: 22    God:    Ashenzari [**....]
Gold:   1409       SH:  0    Dex: 14    Spells: 4/21 levels left

rFire    + . .     SeeInvis +   y - +1 dagger (venom) (curse)
rCold    + + .     Faith    .   (no shield)
rNeg     . . .     Spirit   .   L - +2 leather armour {rC+} (curse)
rPois    .         Reflect  .   z - +1 helmet (curse)
rElec    .         Harm     .   c - scarf {rC+ rF+} (curse)
rCorr    .         Rampage  .   (no gloves)
Will     +....                  (no boots)
Stlth    ++........             E - amulet of magic regeneration (curse)
HPRegen  0.42/turn              r - ring of wizardry (curse)
MPRegen  0.41/turn              C - +4 ring of slaying (curse)

@: lethally poisoned (0 -> -8), about to teleport, regenerating quickly
A: fangs 3, see invisible, unbreathing
a: Exsanguinate, Renounce Religion, Curse Item, Scrying


You were on level 9 of the Dungeon.
You worshipped Ashenzari.
Ashenzari was pleased with you.
You visited 2 branches of the dungeon, and saw 10 of its levels.

You collected 1409 gold pieces.

Inventory:

Hand Weapons
 t - a +1 vorpal war axe
 w - a +1 short sword of freezing
 y - a cursed +1 dagger of venom (weapon)
Missiles
 b - 171 stones
Armour
 c - a cursed scarf of resistance (worn)
 z - a cursed +1 helmet (worn)
 L - a cursed +2 leather armour of cold resistance (worn)
Jewellery
 p - an uncursed amulet of reflection
 r - a cursed ring of wizardry (left hand)
 C - a cursed +4 ring of slaying (right hand)
 E - a cursed amulet of magic regeneration (around neck)
 F - an uncursed ring of protection from fire
 G - an uncursed ring of wizardry
Wands
 v - a wand of flame (28)
 A - a wand of polymorph (14)
 B - a wand of digging (5)
 J - a wand of disintegration (21)
Scrolls
 d - 2 scrolls of amnesia
 e - 3 scrolls of fear
 f - 2 scrolls of identify
 g - 2 scrolls of teleportation
 k - 4 scrolls of blinking
 l - 2 scrolls of enchant armour
 m - a scroll of remove curse
 x - 4 scrolls of immolation
 H - a scroll of magic mapping
 I - a scroll of enchant weapon
Potions
 a - 4 potions of attraction
 h - a potion of invisibility
 i - 2 potions of haste
 j - 3 potions of lignification
 n - 2 potions of brilliance
 o - 4 potions of curing
 q - a potion of berserk rage
 u - 3 potions of flight
 D - 3 potions of heal wounds


   Skills:
 + Level 6.5 Fighting
 - Level 2.2(4.0) Short Blades
 - Level 2.1(3.3) Dodging
 - Level 3.0(4.2) Stealth
 - Level 6.0 Spellcasting
 * Level 4.8(7.1) Hexes
 - Level 1.1(2.5) Transmutations
 - Level 13.0(15.0) Earth Magic


You had 4 spell levels left.
You knew the following spells:

 Your Spells              Type           Power        Failure   Level
a - Stone Arrow           Conj/Erth      80%          1%          3
b - Passwall              Tmut/Erth      37%          1%          2
c - Sandblast             Erth           100%         1%          1
d - Lee's Rapid Deconstr  Erth           32%          1%          5
e - Invisibility          Hex            37%          41%         6

Your spell library contained the following spells:

 Spells                   Type           Power        Failure   Level
 Tukima's Dance           Hex            37%          1%          3
 Petrify                  Tmut/Erth      45%          1%          4
 Summon Guardian Golem    Hex/Summ       22%          3%          3
 Apportation              Tloc           14%          4%          1
 Summon Small Mammal      Summ           28%          4%          1
 Call Imp                 Summ           7%           8%          2
 Call Canine Familiar     Summ           7%           16%         3
 Lesser Beckoning         Tloc           3%           16%         3
 Summon Ice Beast         Ice/Summ       7%           43%         4
 Summon Lightning Spire   Summ/Air       7%           43%         4
 Alistair's Intoxication  Tmut/Pois      8%           61%         5


Dungeon Overview and Level Annotations

Branches:
Dungeon (9/15)             Temple (1/1) D:5             Orc (0/2) D:9
   Lair: D:8-11

Altars:
Ashenzari
Cheibriados
Dithmenos
Elyvilon
Fedhas
Gozag
Hepliaklqana
Kikubaaqudgha
Nemelex Xobeh
Okawaru
Qazlal
Ru
Sif Muna
Trog
Uskayaw
Vehumet
Wu Jian
Xom
Yredelemnul
Zin
The Shining One

Annotations:
D:8 Gastronok


Innate Abilities, Weirdness & Mutations

Your natural rate of healing is unusually fast.
You have razor-sharp teeth.
You have supernaturally acute eyesight. (SInv)
You can survive without breathing.


Message History

You feel strangely unstable.
You feel sick.
The centaur unwields a +0 shortbow.
The centaur closely misses you.
Unknown command.
Unknown command.
Unknown command.
You hit the centaur.
The centaur is poisoned.
Your bite misses the centaur.
The centaur is lightly wounded.
You feel sick. The centaur hits you!
* * * LOW HITPOINT WARNING * * *
You hit the centaur.
The centaur looks as sick as possible!
Your bite misses the centaur.
The centaur is moderately wounded.
You feel sick. The centaur hits you!
* * * LOW HITPOINT WARNING * * *
Unknown command.
You hit the centaur.
The centaur is moderately wounded.
* * * LOW HITPOINT WARNING * * *
You feel sick. The centaur hits you.
You die...

#.### #. * #...#
######' , , ,,
########.#####...... ,
,
###..........#.'......
*
+.#..........#.#......
, ,
,#............#.#......
###............#......
* ***
#..........######'##
###@######## #.# #c#
#.## #y## #..# * #yy#
#####.# * ##y# #......
* ,{!y†,, #...... *
.†!.., ###......
..y!...* #........ ,,
*,'yc!y...##...#......


You could see a centaur (extremely poisoned) and 5 killer bees.

Vanquished Creatures
  Harold (D:8)
  A two-headed ogre (D:8)
  A moth of wrath (D:4)
  Psyche (D:8)
  A queen bee (D:9)
  A hornet (D:8)
  Grinder (D:5)
  Sigmund (D:5)
  Grum (D:8)
  2 water moccasins
  An orc warrior (D:7)
  3 sky beasts
  2 black bears (D:7)
  4 ice beasts
  3 ogres
  2 wolves (D:8)
  A centaur (D:7)
  5 bullfrogs
  A water moccasin zombie (D:8)
  2 scorpions
  18 killer bees (D:9)
  3 wights (D:7)
  3 howler monkeys (D:8)
  A hound (D:8)
  2 quasits
  4 jellies
  5 orc priests
  4 bullfrog skeletons
  7 orc wizards
  A centaur skeleton (D:8)
  2 iguanas
  Ijyb (D:4)
  7 worker ants
  A killer bee zombie (D:8)
  A hound zombie (D:7)
  A hound skeleton (D:4)
  8 adders
  2 white imps
  2 ufetubi (D:8)
  3 adder skeletons
  A worm (D:3)
  15 dart slugs
  2 leopard geckos
  31 orcs
  4 giant cockroaches
  6 goblins
  5 hobgoblins
  5 jackals (D:2)
  5 quokkas
  2 ball pythons
  8 bats
  10 frilled lizards
  A jackal skeleton (D:5)
  4 kobolds
  8 rats
218 creatures vanquished.

Notes
Turn   | Place    | Note
-------+----------+-------------------------------------------
     0 | D:1      | lunkers the Vampire Earth Elementalist began the quest for
                  | the Orb.
     0 | D:1      | Reached XP level 1. HP: 13/13 MP: 3/3
   141 | D:1      | Reached XP level 2. HP: 19/19 MP: 0/5
   994 | D:2      | Reached XP level 3. HP: 24/24 MP: 4/6
  1107 | D:2      | Reached skill level 4 in Earth Magic
  1688 | D:3      | Reached XP level 4. HP: 29/30 MP: 3/8
  2231 | D:3      | Learned a level 2 spell: Passwall
  2235 | D:3      | Learned a level 3 spell: Stone Arrow
  2523 | D:3      | Found an opulent altar of Gozag.
  2695 | D:4      | Reached skill level 5 in Earth Magic
  2695 | D:4      | Reached XP level 5. HP: 28/35 MP: 4/9
  2956 | D:4      | Noticed an ogre
  2958 | D:4      | Noticed Ijyb
  2960 | D:4      | Killed an ogre
  2983 | D:4      | Killed Ijyb
  2984 | D:4      | Reached XP level 6. HP: 41/41 MP: 6/11
  3191 | D:4      | Reached skill level 6 in Earth Magic
  3339 | D:4      | Found an ornate altar of the Wu Jian Council.
  3340 | D:4      | Found a blossoming altar of Fedhas.
  3340 | D:4      | Found a sacrificial altar of Ru.
  3352 | D:4      | Found a basalt altar of Yredelemnul.
  3685 | D:4      | Noticed a moth of wrath
  3696 | D:4      | Learned a level 5 spell: Lee's Rapid Deconstruction
  3700 | D:4      | Found a bloodstained altar of Trog.
  3735 | D:4      | Killed a moth of wrath
  3736 | D:4      | Reached skill level 7 in Earth Magic
  3736 | D:4      | Reached XP level 7. HP: 46/46 MP: 2/14
  4017 | D:5      | Entered Level 5 of the Dungeon
  4112 | D:5      | Noticed Sigmund
  4115 | D:5      | Killed Sigmund
  4116 | D:5      | Reached skill level 5 in Spellcasting
  4116 | D:5      | Reached skill level 8 in Earth Magic
  4116 | D:5      | Reached XP level 8. HP: 52/52 MP: 12/15
  4183 | D:5      | Noticed Grinder
  4195 | D:5      | Killed Grinder
  4485 | D:5      | Reached skill level 9 in Earth Magic
  4979 | D:5      | Found a staircase to the Ecumenical Temple.
  5173 | Temple   | Entered the Ecumenical Temple
  5312 | Temple   | Became a worshipper of Ashenzari the Shackled
  5764 | D:6      | Reached skill level 1 in Fighting
  5839 | D:6      | Reached skill level 10 in Earth Magic
  5919 | D:6      | Reached XP level 9. HP: 61/61 MP: 9/18
  6958 | D:7      | Reached skill level 11 in Earth Magic
  7076 | D:7      | Found a stormy altar of Qazlal.
  7255 | D:7      | Reached * piety under Ashenzari
  7523 | D:8      | Noticed Harold
  7526 | D:8      | Noticed Psyche
  7532 | D:8      | Killed Harold
  7533 | D:8      | Reached skill level 12 in Earth Magic
  7533 | D:8      | Reached XP level 10. HP: 73/73 MP: 2/19
  7537 | D:8      | Killed Psyche
  7538 | D:8      | Reached skill level 5 in Fighting
  7703 | D:8      | Noticed Gastronok
  8083 | D:8      | Noticed a two-headed ogre
  8104 | D:8      | Killed a two-headed ogre
  8129 | D:8      | Noticed Grum
  8134 | D:8      | Killed Grum
  8507 | D:8      | Reached skill level 13 in Earth Magic
  8618 | D:8      | Learned a level 6 spell: Invisibility
  8676 | D:7      | Identified a scroll of acquirement
  8677 | D:7      | Acquired 896 gold pieces
  8799 | D:9      | Found a staircase to the Orcish Mines.
  8875 | D:9      | Reached ** piety under Ashenzari
  8906 | D:9      | Reached skill level 1 in Hexes
  8931 | D:9      | Found a shimmering altar of Xom.
  9033 | D:9      | Reached skill level 1 in Short Blades
  9050 | D:9      | Slain by a centaur

Illustrated notes

Levels and vault maps discovered:
D:1:      minmay_arrival_glassed_features, layout_basic, minmay_pentomino_q4
D:2:      layout_basic
D:3:      kennysheep_slugbush, layout_basic,
          nicolae_gozag_cash_rules_everything_around_me
D:4:      layout_loops_corners, nicolae_overflow_quartered_altars,
          grunt_decor_fettered, minivault_14, tgw_trog, uniq_ijyb
D:5:      layout_layer_cave, minmay_temple_entry_nine_rooms,
          kennysheep_generic_room_15, uniq_grinder, uniq_sigmund
D:6:      layout_cave_pools, nrook_loot_triangle
D:7:      layout_loops_ring, nicolae_qazlal_eye_of_the_storm
D:8:      layout_cave_pods, bloody_makhleb, uniq_harold, uniq_gastronok,
          uniq_grum, uniq_psyche
D:9:      layout_roguey [special_room_bee], lemuel_coloured_pillars_altar,
          orc_0_dummy
Temple:   nicolae_temple_elliptical

Skill      XL: |  1  2  3  4  5  6  7  8  9 10 |
---------------+-------------------------------+-----
Earth Magic    | 4 5 7 8 10 12 13 | 13.0
Spellcasting   | 3 4 5 6 |  6.0
Fighting       | 2 4 6 |  6.5
Hexes          | 4 |  4.8
Short Blades   | 2 |  2.2
Dodging        | |  2.1
Stealth        | |  3.0
Transmutations | |  1.1

Action                   |  1- 3 |  4- 6 |  7- 9 | 10-12 || total
-------------------------+-------+-------+-------+-------++-------
Melee: Unarmed           |     9 |       |       |       ||     9
       Dagger            |       |    68 |    10 |    23 ||   101
       Bite              |       |     6 |     1 |     1 ||     8
 Cast: Sandblast         |    66 |    51 |    56 |    17 ||   190
       Lee's Rapid Decon |       |     2 |       |     4 ||     6
       Stone Arrow       |       |       |    91 |    61 ||   152
Invok: Curse Item        |       |       |     2 |     5 ||     7
Evoke: Wand              |       |       |       |     2 ||     2
  Use: Scroll            |       |       |    10 |    12 ||    22
 Stab: Sleeping          |       |     1 |       |       ||     1
Armor: Robe              |     9 |    17 |     6 |     2 ||    34
       Skin              |       |     1 |       |       ||     1
       Leather armour    |       |       |       |    10 ||    10
Dodge: Dodged            |    32 |    43 |    27 |    31 ||   133
Block: Other             |     4 |    10 |     7 |       ||    21
       Reflection        |     1 |       |       |       ||     1

Table legend: (Time is in decaauts)
 A = Elapsed time spent in this place.
 B = Non-inter-level travel time spent in this place.
 C = Inter-level travel time spent in this place.
 D = Time resting spent in this place.
 E = Time spent auto-exploring this place.
 F = Levels seen in this place.
 G = Mean time per level.
                   A        B        C        D        E       F      G
               +--------+--------+--------+--------+--------+-----+--------+
         Total |   9067 |   8713 |    354 |    462 |   6802 |  10 |  906.7 |
       Dungeon |   8918 |   8597 |    321 |    462 |   6686 |   9 |  990.9 |
        Temple |    149 |    117 |     32 |      0 |    116 |   1 |  149.0 |
               +--------+--------+--------+--------+--------+-----+--------+

Top non-repeatable levels by time:
     D:5: 1393 daAuts
     D:4: 1367 daAuts
     D:8: 1191 daAuts
     D:7: 1181 daAuts
     D:3: 1007 daAuts
     D:1: 948 daAuts
     D:6: 780 daAuts
     D:2: 701 daAuts
     D:9: 346 daAuts
  Temple: 149 daAuts
